Stars vs Lightning

Created - February 2, 2017 at 18:14

Goals
1 2 3 T
Stars 2 1 0 3
Lightning 0 0 1 1
Shots
1 2 3 T
Stars 5 8 6 19
Lightning 16 8 11 35

1st period

1. Stars , Sidney Crosby 22 (John Klingberg, Jonathan Huberdeau) at 13:13
2. Stars , Sidney Crosby 23 (Evgeni Malkin, John Klingberg) at 14:20

Penalties :
Zdeno Chara (DAL) for Charging (Minor) at 7:58

2nd period

3. Stars , Paul Stastny 9 (Nikita Kucherov, Paul Byron) at 16:15

Penalties :
No Penalty

3rd period

4. Lightning , Jeff Carter 9 (Kevin Klein, Johnny Gaudreau) at 7:43

Penalties :
Kevin Klein (TBL) for Holding (Minor) at 5:09, Nick Spaling (TBL) for Hooking (Minor) at 7:50

Goalie Stats

Jonathan Quick (DAL), 34 saves from 35 shots - (0.971), W, 26-20-1, 60:00 minutes
Jaroslav Halak (TBL), 16 saves from 19 shots - (0.842), L, 13-15-4, 60:00 minutes

Players Stats for Stars

Player Name              G  A  P  +/- PIM S  H  SB GA TA FO     MP     PP MP  PK MP  
------------------------------------------------------------------------------------
Adam Pardy               0  0  0  -1  0   1  0  0  0  0  0/0    14:28   0:00   0:52 
Brad Malone              0  0  0   0  0   0  0  0  0  0  0/1     0:07   0:00   0:07 
Brandon Manning          0  0  0  -1  0   0  0  1  0  0  0/0    13:49   0:00   0:13 
Dainius Zubrus           0  0  0  -1  0   0  1  0  0  0  1/4    15:30   0:00   0:00 
Duncan Keith             0  0  0   1  0   1  0  2  0  0  0/0    25:27   1:48   1:25 
Evgeni Malkin            0  1  1   2  0   2  0  0  0  0  0/2    24:06   2:10   0:00 
Jason Demers             0  0  0   2  0   0  4  1  0  0  0/0    20:23   1:48   0:22 
John Klingberg           0  2  2   2  0   0  0  1  0  0  0/0    21:29   2:10   1:06 
John Mitchell            0  0  0  -1  0   1  2  0  0  0  6/14   16:08   0:00   0:38 
Jonathan Huberdeau       0  1  1   2  0   1  0  0  0  0  0/0    19:28   1:48   1:21 
Mike Richards            0  0  0  -1  0   1  0  0  0  0  1/1    15:30   0:00   0:00 
Nikita Kucherov          0  1  1   1  0   2  0  0  0  0  0/1    18:47   2:10   0:00 
Nikita Nesterov          0  0  0   0  0   0  0  0  0  0  0/0     0:00   0:00   0:00 
Paul Byron               0  1  1   1  0   1  3  0  0  0  0/0    19:03   1:48   0:38 
Paul Stastny             1  0  1   1  0   4  1  0  0  0  16/30  22:55   1:48   1:14 
Shawn Thornton           0  0  0   0  0   0  2  0  0  0  0/0     5:37   0:00   0:00 
Sidney Crosby            2  0  2   2  0   5  4  0  0  0  12/21  20:50   2:10   0:00 
Zdeno Chara              0  0  0   1  2   0  3  2  0  0  0/0    24:23   2:10   0:00 

Players Stats for Lightning

Player Name              G  A  P  +/- PIM S  H  SB GA TA FO     MP     PP MP  PK MP  
------------------------------------------------------------------------------------
Andre Benoit             0  0  0   0  0   0  0  0  0  0  0/0     0:39   0:05   0:34 
Andrej Sekera            0  0  0   0  0   3  0  0  0  0  0/0    21:33   0:34   0:27 
Brad Hunt                0  0  0   0  0   0  0  0  0  0  0/0    14:47   0:05   0:00 
Christian Ehrhoff        0  0  0   0  0   0  2  0  0  0  0/0    16:33   0:00   1:51 
David Schlemko           0  0  0  -1  0   2  0  1  0  0  0/0    19:48   1:20   1:51 
Eric Fehr                0  0  0  -1  0   2  1  0  0  0  12/18  17:22   0:00   0:41 
Erik Gudbranson          0  0  0  -2  0   0  0  1  0  0  0/0    22:16   1:20   2:07 
Henrik Sedin             0  0  0  -1  0   1  0  0  0  0  6/16   16:23   0:39   0:00 
Jeff Carter              1  0  1   0  0   3  0  0  0  0  2/2    22:58   1:20   0:00 
Johnny Gaudreau          0  1  1   0  0   6  0  0  0  0  3/4    22:58   1:20   0:00 
Kevin Klein              0  1  1  -1  2   0  0  1  0  0  0/0    24:23   0:34   1:06 
Nick Spaling             0  0  0  -1  2   0  0  0  0  0  0/0     5:30   0:00   0:45 
Patric Hornqvist         0  0  0   0  0   0  0  0  0  0  0/0     0:39   0:39   0:00 
Teddy Purcell            0  0  0   0  0   2  0  0  0  0  1/1    12:36   0:34   0:00 
Tobias Rieder            0  0  0   0  0   2  0  0  0  0  3/8    14:41   0:05   2:41 
Tomas Fleischmann        0  0  0  -2  0   4  0  1  0  0  0/0    20:23   0:00   0:00 
Travis Zajac             0  0  0   0  0   8  1  0  0  0  10/22  24:06   1:20   1:08 
Troy Brouwer             0  0  0  -1  0   2  4  0  0  0  1/3    18:25   0:00   2:41 

3 Stars

1 - Sidney Crosby (DAL)
2 - Jonathan Quick (DAL)
3 - John Klingberg (DAL)

Power Play

Stars - 0 on 2 Attempt(s) - 0.00%
Lightning - 0 on 1 Attempt(s) - 0.00%

Penalty Kill

Stars - 1 on 1 Attempt(s) - 100.00% - Score 0 goal in Penalty Kill
Lightning - 2 on 2 Attempt(s) - 100.00% - Score 0 goal in Penalty Kill

Team Stat

Stars - Hits : 20 - Faceoff Wins : 36 - Blocked Shots : 7 - Penalty Minutes : 2
Lightning - Hits : 8 - Faceoff Wins : 38 - Blocked Shots : 4 - Penalty Minutes : 4

Official

Referees : Steve Kozari and Tom Kowal
Linesman : Tony Sericolo and Tim Nowak

Game Notes

No Game Note

Finance

Level 1 -- Attendance: 5526 (85.02%) -- Ticket Income $607,860
Level 2 -- Attendance: 3701 (74.02%) -- Ticket Income $351,595
Level 3 -- Attendance: 2087 (59.63%) -- Ticket Income $156,525
Level 4 -- Attendance: 2276 (71.04%) -- Ticket Income $102,420
Luxury Box -- Attendance: 495 (49.50%) -- Ticket Income $178,200
Game was played at the Amalie Arena.
Total Attendance: 14085 (73.34%)
Total Ticket Income: $1,396,600
Other Income: $209,490
Total Income: $1,606,090

% Time on Ice - Stars

Lines # - Real PCT - Wanted PCT - Time Play
Normal Forward
1 - 30% - 33% - 16:19
2 - 31% - 33% - 16:37
3 - 29% - 17% - 15:30
4 - 10% - 17% - 5:37
Normal Defense
1 - 31% - 35% - 16:40
2 - 34% - 35% - 18:13
3 - 25% - 15% - 13:36
4 - 10% - 15% - 5:34
PP Forward
1 - 55% - 55% - 2:10
2 - 45% - 45% - 1:48
PP Defense
1 - 45% - 50% - 1:48
2 - 55% - 50% - 2:10
PK Forward
1 - 68% - 60% - 1:21
2 - 32% - 40% - 0:38
PK Defense
1 - 82% - 50% - 1:37
2 - 18% - 50% - 0:22
PK3 Forward
1 - 0% - 55%
2 - 0% - 45%
PK3 Defense
1 - 0% - 50%
2 - 0% - 50%
44 Forward
1 - 0% - 50%
2 - 0% - 50%
44 Defense
1 - 0% - 50%
2 - 0% - 50%
Last Minute Offensive  - 0:00
Last Minute Defensive  - 0:00
Total
Forward - 60:00
Defense - 60:00

% Time on Ice - Lightning

Lines # - Real PCT - Wanted PCT - Time Play
Normal Forward
1 - 40% - 40% - 21:38
2 - 29% - 30% - 15:44
3 - 22% - 20% - 11:55
4 - 9% - 10% - 4:46
Normal Defense
1 - 38% - 40% - 20:32
2 - 31% - 30% - 16:37
3 - 27% - 20% - 14:42
4 - 4% - 10% - 2:12
PP Forward
1 - 67% - 60% - 1:20
2 - 33% - 40% - 0:39
PP Defense
1 - 33% - 60% - 0:39
2 - 67% - 40% - 1:20
PK Forward
1 - 83% - 60% - 3:17
2 - 17% - 40% - 0:41
PK Defense
1 - 53% - 60% - 2:07
2 - 47% - 40% - 1:51
PK3 Forward
1 - 0% - 60%
2 - 0% - 40%
PK3 Defense
1 - 0% - 60%
2 - 0% - 40%
44 Forward
1 - 0% - 60%
2 - 0% - 40%
44 Defense
1 - 0% - 60%
2 - 0% - 40%
Last Minute Offensive  - 0:00
Last Minute Defensive  - 0:00
Total
Forward - 60:00
Defense - 60:00

Play by Play

1st period


0:01 of 1st period - Sidney Crosby wins face-off versus Travis Zajac in neutral zone.
0:38 of 1st period - Shot by Travis Zajac.
0:38 of 1st period - Stopped by Jonathan Quick without a rebound.
0:39 of 1st period - Paul Stastny wins face-off versus Troy Brouwer in Stars zone.
1:18 of 1st period - Shot by Troy Brouwer.
1:18 of 1st period - Shot Misses the Net.
1:20 of 1st period - Shot by Tomas Fleischmann.
1:20 of 1st period - Stopped by Jonathan Quick without a rebound.
1:21 of 1st period - Eric Fehr wins face-off versus John Mitchell in Stars zone.
1:22 of 1st period - Shot by Teddy Purcell.
1:22 of 1st period - Stopped by Jonathan Quick with a rebound.
1:54 of 1st period - Eric Fehr is hit by John Mitchell and loses puck.
3:25 of 1st period - Jeff Carter is hit by Jason Demers and loses puck.
3:54 of 1st period - Shot by Henrik Sedin.
3:54 of 1st period - Stopped by Jonathan Quick without a rebound.
3:55 of 1st period - Teddy Purcell wins face-off versus John Mitchell in Stars zone.
4:04 of 1st period - Shot by Tobias Rieder.
4:04 of 1st period - Shot Misses the Net.
4:06 of 1st period - Shot by Tobias Rieder.
4:06 of 1st period - Stopped by Jonathan Quick without a rebound.
4:07 of 1st period - Sidney Crosby wins face-off versus Henrik Sedin in Stars zone.
4:07 of 1st period - Sidney Crosby is hit by Troy Brouwer.
4:14 of 1st period - Off-side.
4:15 of 1st period - John Mitchell wins face-off versus Eric Fehr in neutral zone.
6:01 of 1st period - Icing by John Klingberg.
6:02 of 1st period - Eric Fehr wins face-off versus Paul Stastny in Stars zone.
6:20 of 1st period - Teddy Purcell is hit by Jason Demers and loses puck.
7:04 of 1st period - Shot by Sidney Crosby.
7:04 of 1st period - Shot Misses the Net.
7:57 of 1st period - David Schlemko is hit by Zdeno Chara.
7:58 of 1st period - Minor Penalty to Zdeno Chara for Charging.
7:59 of 1st period - Paul Stastny wins face-off versus Travis Zajac in Stars zone.
8:14 of 1st period - Shot by Johnny Gaudreau.
8:14 of 1st period - Shot Misses the Net.
8:16 of 1st period - Shot by David Schlemko.
8:16 of 1st period - Shot Misses the Net.
8:24 of 1st period - Shot by Johnny Gaudreau.
8:24 of 1st period - Stopped by Jonathan Quick with a rebound.
8:26 of 1st period - Shot by David Schlemko.
8:26 of 1st period - Stopped by Jonathan Quick without a rebound.
8:27 of 1st period - Travis Zajac wins face-off versus Brad Malone in Stars zone.
8:44 of 1st period - Shot by Travis Zajac.
8:44 of 1st period - Stopped by Jonathan Quick without a rebound.
8:45 of 1st period - John Mitchell wins face-off versus Henrik Sedin in Stars zone.
9:08 of 1st period - Shot by Kevin Klein.
9:08 of 1st period - Shot Misses the Net.
9:10 of 1st period - Shot by Kevin Klein.
9:10 of 1st period - Shot Misses the Net.
9:12 of 1st period - Shot by Kevin Klein.
9:12 of 1st period - Shot Misses the Net.
10:08 of 1st period - Shot by Eric Fehr.
10:08 of 1st period - Stopped by Jonathan Quick without a rebound.
10:09 of 1st period - Henrik Sedin wins face-off versus John Mitchell in Stars zone.
10:37 of 1st period - Shot by Henrik Sedin.
10:37 of 1st period - Shot Blocked by Jason Demers.
10:46 of 1st period - Off-side.
10:47 of 1st period - Travis Zajac wins face-off versus Sidney Crosby in neutral zone.
11:06 of 1st period - Shot by Jeff Carter.
11:06 of 1st period - Shot Misses the Net.
11:19 of 1st period - Icing by Kevin Klein.
11:20 of 1st period - Travis Zajac wins face-off versus Paul Stastny in Lightning zone.
11:33 of 1st period - Shot by Paul Stastny.
11:33 of 1st period - Stopped by Jaroslav Halak without a rebound.
11:34 of 1st period - Paul Stastny wins face-off versus Henrik Sedin in Lightning zone.
11:53 of 1st period - Shot by Tomas Fleischmann.
11:53 of 1st period - Stopped by Jonathan Quick without a rebound.
11:54 of 1st period - Eric Fehr wins face-off versus Dainius Zubrus in Stars zone.
11:54 of 1st period - Tobias Rieder is hit by Zdeno Chara and loses puck.
12:28 of 1st period - Shot by Tobias Rieder.
12:28 of 1st period - Shot Misses the Net.
12:39 of 1st period - Icing by Duncan Keith.
12:40 of 1st period - Johnny Gaudreau wins face-off versus Dainius Zubrus in Stars zone.
13:09 of 1st period - Shot by Sidney Crosby.
13:09 of 1st period - Shot Misses the Net.
13:13 of 1st period - Shot by Sidney Crosby.
13:13 of 1st period - Goal by Sidney Crosby - Stars : 1 - Lightning : 0.
13:14 of 1st period - Henrik Sedin wins face-off versus Paul Stastny in neutral zone.
14:20 of 1st period - Shot by Sidney Crosby.
14:20 of 1st period - Goal by Sidney Crosby - Stars : 2 - Lightning : 0.
14:21 of 1st period - Sidney Crosby wins face-off versus Travis Zajac in neutral zone.
14:28 of 1st period - Off-side.
14:29 of 1st period - Sidney Crosby wins face-off versus Travis Zajac in neutral zone.
14:32 of 1st period - Shot by Evgeni Malkin.
14:32 of 1st period - Stopped by Jaroslav Halak with a rebound.
15:13 of 1st period - Shot by Jeff Carter.
15:13 of 1st period - Stopped by Jonathan Quick without a rebound.
15:14 of 1st period - Tobias Rieder wins face-off versus Paul Stastny in Stars zone.
17:29 of 1st period - Shot by Johnny Gaudreau.
17:29 of 1st period - Shot Misses the Net.
17:31 of 1st period - Shot by Travis Zajac.
17:31 of 1st period - Shot Blocked by Zdeno Chara.
17:33 of 1st period - Shot by Travis Zajac.
17:33 of 1st period - Shot Misses the Net.
17:41 of 1st period - Shot by Travis Zajac.
17:41 of 1st period - Stopped by Jonathan Quick without a rebound.
17:42 of 1st period - Eric Fehr wins face-off versus Nikita Kucherov in Stars zone.
17:54 of 1st period - Tobias Rieder is hit by Jason Demers and loses puck.
18:03 of 1st period - Shot by Tobias Rieder.
18:03 of 1st period - Stopped by Jonathan Quick without a rebound.
18:04 of 1st period - Henrik Sedin wins face-off versus Evgeni Malkin in Stars zone.
18:07 of 1st period - Shot by Henrik Sedin.
18:07 of 1st period - Shot Blocked by Duncan Keith.
18:09 of 1st period - Shot by Andrej Sekera.
18:09 of 1st period - Stopped by Jonathan Quick without a rebound.
18:10 of 1st period - Sidney Crosby wins face-off versus Travis Zajac in Stars zone.
18:27 of 1st period - Shot by Travis Zajac.
18:27 of 1st period - Stopped by Jonathan Quick with a rebound.
18:29 of 1st period - Shot by Johnny Gaudreau.
18:29 of 1st period - Shot Misses the Net.
18:31 of 1st period - Shot by Travis Zajac.
18:31 of 1st period - Stopped by Jonathan Quick with a rebound.
18:42 of 1st period - Icing by Sidney Crosby.
18:43 of 1st period - Sidney Crosby wins face-off versus Henrik Sedin in Stars zone.
18:43 of 1st period - Sidney Crosby is hit by Troy Brouwer.
18:48 of 1st period - Off-side.
18:49 of 1st period - Paul Stastny wins face-off versus Eric Fehr in neutral zone.
19:04 of 1st period - Shot by Nikita Kucherov.
19:04 of 1st period - Stopped by Jaroslav Halak without a rebound.
19:05 of 1st period - Travis Zajac wins face-off versus Sidney Crosby in Lightning zone.
19:11 of 1st period - Johnny Gaudreau is hit by Zdeno Chara.
19:14 of 1st period - Icing by Zdeno Chara.
19:15 of 1st period - Sidney Crosby wins face-off versus Henrik Sedin in Stars zone.
19:38 of 1st period - Shot by Sidney Crosby.
19:38 of 1st period - Shot Misses the Net.
Goals for this period are 2 for Stars vs 0 for Lightning.
Shots for this period are 5 for Stars vs 16 for Lightning.

2nd period


0:01 of 2nd period - Paul Stastny wins face-off versus Travis Zajac in neutral zone.
0:13 of 2nd period - Icing by Jeff Carter.
0:14 of 2nd period - Travis Zajac wins face-off versus Paul Stastny in Lightning zone.
0:36 of 2nd period - Shot by Jeff Carter.
0:36 of 2nd period - Shot Misses the Net.
0:38 of 2nd period - Shot by Kevin Klein.
0:38 of 2nd period - Shot Blocked by Duncan Keith.
0:42 of 2nd period - Shot by Travis Zajac.
0:42 of 2nd period - Stopped by Jonathan Quick without a rebound.
0:43 of 2nd period - Eric Fehr wins face-off versus Sidney Crosby in Stars zone.
0:52 of 2nd period - Shot by Tomas Fleischmann.
0:52 of 2nd period - Shot Misses the Net.
0:54 of 2nd period - Shot by Eric Fehr.
0:54 of 2nd period - Deflect By Tomas Fleischmann.
0:54 of 2nd period - Shot Misses the Net.
1:06 of 2nd period - Shot by Sidney Crosby.
1:06 of 2nd period - Stopped by Jaroslav Halak without a rebound.
1:07 of 2nd period - Paul Stastny wins face-off versus Travis Zajac in Lightning zone.
1:42 of 2nd period - Shot by Travis Zajac.
1:42 of 2nd period - Shot Blocked by Zdeno Chara.
1:44 of 2nd period - Shot by Johnny Gaudreau.
1:44 of 2nd period - Stopped by Jonathan Quick without a rebound.
1:45 of 2nd period - Troy Brouwer wins face-off versus Sidney Crosby in Stars zone.
3:06 of 2nd period - Tomas Fleischmann is hit by Dainius Zubrus and loses puck.
3:16 of 2nd period - Icing by Erik Gudbranson.
3:17 of 2nd period - Henrik Sedin wins face-off versus Paul Stastny in Lightning zone.
3:17 of 2nd period - Henrik Sedin is hit by Paul Byron.
3:44 of 2nd period - Johnny Gaudreau is hit by Paul Byron and loses puck.
3:59 of 2nd period - Nikita Kucherov is hit by Travis Zajac and loses puck.
4:08 of 2nd period - Shot by Johnny Gaudreau.
4:08 of 2nd period - Stopped by Jonathan Quick with a rebound.
5:15 of 2nd period - Teddy Purcell is hit by Sidney Crosby and loses puck.
5:31 of 2nd period - Icing by John Klingberg.
5:32 of 2nd period - John Mitchell wins face-off versus Johnny Gaudreau in Stars zone.
5:44 of 2nd period - Icing by Andrej Sekera.
5:45 of 2nd period - Johnny Gaudreau wins face-off versus John Mitchell in Lightning zone.
8:03 of 2nd period - Shot by Sidney Crosby.
8:03 of 2nd period - Shot Blocked by Tomas Fleischmann.
8:05 of 2nd period - Shot by Sidney Crosby.
8:05 of 2nd period - Shot Hit the Post.
8:07 of 2nd period - Shot by Paul Byron.
8:07 of 2nd period - Stopped by Jaroslav Halak without a rebound.
8:08 of 2nd period - Travis Zajac wins face-off versus John Mitchell in Lightning zone.
8:08 of 2nd period - Travis Zajac is hit by John Mitchell.
8:19 of 2nd period - Icing by Jason Demers.
8:20 of 2nd period - Tobias Rieder wins face-off versus John Mitchell in Stars zone.
8:20 of 2nd period - Teddy Purcell is hit by Jason Demers and loses puck.
9:28 of 2nd period - Shot by Evgeni Malkin.
9:28 of 2nd period - Shot Blocked by Kevin Klein.
10:20 of 2nd period - Shot by Paul Byron.
10:20 of 2nd period - Shot Misses the Net.
10:22 of 2nd period - Shot by Adam Pardy.
10:22 of 2nd period - Stopped by Jaroslav Halak without a rebound.
10:23 of 2nd period - Eric Fehr wins face-off versus John Mitchell in Lightning zone.
10:32 of 2nd period - Shot by Tobias Rieder.
10:32 of 2nd period - Shot Misses the Net.
10:34 of 2nd period - Shot by Eric Fehr.
10:34 of 2nd period - Stopped by Jonathan Quick without a rebound.
10:35 of 2nd period - Jeff Carter wins face-off versus Evgeni Malkin in Stars zone.
10:44 of 2nd period - Kevin Klein is hit by Sidney Crosby and loses puck.
11:47 of 2nd period - Troy Brouwer is hit by Paul Byron and loses puck.
12:33 of 2nd period - Duncan Keith is hit by Eric Fehr and loses puck.
12:46 of 2nd period - Shot by John Mitchell.
12:46 of 2nd period - Stopped by Jaroslav Halak without a rebound.
12:47 of 2nd period - Eric Fehr wins face-off versus Dainius Zubrus in Lightning zone.
14:11 of 2nd period - Shot by Evgeni Malkin.
14:11 of 2nd period - Stopped by Jaroslav Halak without a rebound.
14:12 of 2nd period - Henrik Sedin wins face-off versus Paul Stastny in Lightning zone.
14:21 of 2nd period - Shot by Tomas Fleischmann.
14:21 of 2nd period - Shot Misses the Net.
14:40 of 2nd period - Icing by Christian Ehrhoff.
14:41 of 2nd period - Dainius Zubrus wins face-off versus Henrik Sedin in Lightning zone.
14:41 of 2nd period - Adam Pardy is hit by Christian Ehrhoff and loses puck.
14:50 of 2nd period - Shot by Mike Richards.
14:50 of 2nd period - Shot Misses the Net.
14:52 of 2nd period - Shot by Mike Richards.
14:52 of 2nd period - Stopped by Jaroslav Halak without a rebound.
14:53 of 2nd period - Johnny Gaudreau wins face-off versus Sidney Crosby in Lightning zone.
15:16 of 2nd period - Shot by Johnny Gaudreau.
15:16 of 2nd period - Shot Misses the Net.
15:20 of 2nd period - Shot by Jeff Carter.
15:20 of 2nd period - Shot Misses the Net.
15:38 of 2nd period - Off-side.
15:39 of 2nd period - Eric Fehr wins face-off versus Paul Stastny in neutral zone.
16:15 of 2nd period - Shot by Paul Stastny.
16:15 of 2nd period - Goal by Paul Stastny - Stars : 3 - Lightning : 0.
16:16 of 2nd period - Jeff Carter wins face-off versus John Mitchell in neutral zone.
16:32 of 2nd period - Shot by Travis Zajac.
16:32 of 2nd period - Shot Blocked by Brandon Manning.
16:34 of 2nd period - Shot by Jeff Carter.
16:34 of 2nd period - Shot Misses the Net.
16:36 of 2nd period - Shot by Jeff Carter.
16:36 of 2nd period - Shot Misses the Net.
16:50 of 2nd period - Shot by Johnny Gaudreau.
16:50 of 2nd period - Stopped by Jonathan Quick with a rebound.
16:52 of 2nd period - Shot by Johnny Gaudreau.
16:52 of 2nd period - Stopped by Jonathan Quick without a rebound.
16:53 of 2nd period - Paul Stastny wins face-off versus Henrik Sedin in Stars zone.
17:06 of 2nd period - Shot by Henrik Sedin.
17:06 of 2nd period - Shot Misses the Net.
17:08 of 2nd period - Shot by Tomas Fleischmann.
17:08 of 2nd period - Stopped by Jonathan Quick without a rebound.
17:09 of 2nd period - Eric Fehr wins face-off versus Sidney Crosby in Stars zone.
17:31 of 2nd period - Shot by Sidney Crosby.
17:31 of 2nd period - Stopped by Jaroslav Halak without a rebound.
17:32 of 2nd period - Paul Stastny wins face-off versus Travis Zajac in Lightning zone.
17:59 of 2nd period - Shot by Travis Zajac.
17:59 of 2nd period - Shot Misses the Net.
18:01 of 2nd period - Shot by David Schlemko.
18:01 of 2nd period - Stopped by Jonathan Quick without a rebound.
18:02 of 2nd period - Sidney Crosby wins face-off versus Eric Fehr in Stars zone.
18:58 of 2nd period - Icing by Kevin Klein.
18:59 of 2nd period - Eric Fehr wins face-off versus Paul Stastny in Lightning zone.
19:14 of 2nd period - Jeff Carter is hit by Paul Stastny and loses puck.
19:44 of 2nd period - Icing by Zdeno Chara.
19:45 of 2nd period - Paul Stastny wins face-off versus Henrik Sedin in Stars zone.
19:45 of 2nd period - Nikita Kucherov is hit by Troy Brouwer and loses puck.
Goals for this period are 1 for Stars vs 0 for Lightning.
Shots for this period are 8 for Stars vs 8 for Lightning.

3rd period


0:01 of 3rd period - Paul Stastny wins face-off versus Travis Zajac in neutral zone.
0:19 of 3rd period - Shot by Johnny Gaudreau.
0:19 of 3rd period - Shot Misses the Net.
0:21 of 3rd period - Shot by Jeff Carter.
0:21 of 3rd period - Shot Misses the Net.
0:23 of 3rd period - Shot by Andrej Sekera.
0:23 of 3rd period - Stopped by Jonathan Quick without a rebound.
0:24 of 3rd period - John Mitchell wins face-off versus Henrik Sedin in Stars zone.
1:24 of 3rd period - Icing by Travis Zajac.
1:25 of 3rd period - Travis Zajac wins face-off versus Paul Stastny in Lightning zone.
1:25 of 3rd period - Travis Zajac is hit by Shawn Thornton.
1:51 of 3rd period - Shot by Travis Zajac.
1:51 of 3rd period - Stopped by Jonathan Quick with a rebound.
1:53 of 3rd period - Shot by Jeff Carter.
1:53 of 3rd period - Deflect By Johnny Gaudreau.
1:53 of 3rd period - Stopped by Jonathan Quick without a rebound.
1:54 of 3rd period - Eric Fehr wins face-off versus Sidney Crosby in Stars zone.
2:21 of 3rd period - Eric Fehr is hit by Sidney Crosby and loses puck.
3:08 of 3rd period - Shot by Paul Stastny.
3:08 of 3rd period - Stopped by Jaroslav Halak without a rebound.
3:09 of 3rd period - John Mitchell wins face-off versus Troy Brouwer in Lightning zone.
4:12 of 3rd period - Off-side.
4:13 of 3rd period - Sidney Crosby wins face-off versus Travis Zajac in neutral zone.
4:15 of 3rd period - Off-side.
4:16 of 3rd period - Paul Stastny wins face-off versus Travis Zajac in neutral zone.
4:26 of 3rd period - Icing by Jeff Carter.
4:27 of 3rd period - Travis Zajac wins face-off versus Sidney Crosby in Lightning zone.
5:09 of 3rd period - Minor Penalty to Kevin Klein for Holding.
5:10 of 3rd period - Tobias Rieder wins face-off versus Paul Stastny in Lightning zone.
5:48 of 3rd period - Icing by Jason Demers.
5:49 of 3rd period - Paul Stastny wins face-off versus Tobias Rieder in Stars zone.
7:17 of 3rd period - Shot by Jeff Carter.
7:17 of 3rd period - Stopped by Jonathan Quick with a rebound.
7:43 of 3rd period - Shot by Jeff Carter.
7:43 of 3rd period - Goal by Jeff Carter - Stars : 3 - Lightning : 1.
7:44 of 3rd period - Eric Fehr wins face-off versus Paul Stastny in neutral zone.
7:50 of 3rd period - Minor Penalty to Nick Spaling for Hooking.
7:51 of 3rd period - Paul Stastny wins face-off versus Tobias Rieder in Lightning zone.
7:51 of 3rd period - Paul Stastny is hit by Christian Ehrhoff.
8:35 of 3rd period - Shot by Duncan Keith.
8:35 of 3rd period - Stopped by Jaroslav Halak without a rebound.
8:36 of 3rd period - Sidney Crosby wins face-off versus Tobias Rieder in Lightning zone.
8:41 of 3rd period - Shot by Nikita Kucherov.
8:41 of 3rd period - Shot Blocked by David Schlemko.
8:43 of 3rd period - Shot by Nikita Kucherov.
8:43 of 3rd period - Stopped by Jaroslav Halak without a rebound.
8:44 of 3rd period - Sidney Crosby wins face-off versus Tobias Rieder in Lightning zone.
8:47 of 3rd period - Shot by Evgeni Malkin.
8:47 of 3rd period - Shot Blocked by Erik Gudbranson.
8:49 of 3rd period - Shot by Sidney Crosby.
8:49 of 3rd period - Stopped by Jaroslav Halak without a rebound.
8:50 of 3rd period - Sidney Crosby wins face-off versus Tobias Rieder in Lightning zone.
11:29 of 3rd period - Off-side.
11:30 of 3rd period - Travis Zajac wins face-off versus Paul Stastny in neutral zone.
12:06 of 3rd period - Shot by Kevin Klein.
12:06 of 3rd period - Deflect By Johnny Gaudreau.
12:06 of 3rd period - Shot Misses the Net.
12:08 of 3rd period - Shot by Andrej Sekera.
12:08 of 3rd period - Stopped by Jonathan Quick without a rebound.
12:09 of 3rd period - Henrik Sedin wins face-off versus Sidney Crosby in Stars zone.
12:26 of 3rd period - Shot by Tomas Fleischmann.
12:26 of 3rd period - Deflect By Troy Brouwer.
12:26 of 3rd period - Stopped by Jonathan Quick with a rebound.
13:22 of 3rd period - Off-side.
13:23 of 3rd period - Paul Stastny wins face-off versus Eric Fehr in neutral zone.
13:49 of 3rd period - Icing by Andrej Sekera.
13:50 of 3rd period - Mike Richards wins face-off versus Eric Fehr in Lightning zone.
15:38 of 3rd period - Shot by Nikita Kucherov.
15:38 of 3rd period - Deflect By Paul Stastny.
15:38 of 3rd period - Shot Misses the Net.
15:40 of 3rd period - Shot by Paul Byron.
15:40 of 3rd period - Deflect By Paul Stastny.
15:40 of 3rd period - Stopped by Jaroslav Halak with a rebound.
16:55 of 3rd period - Shot by Sidney Crosby.
16:55 of 3rd period - Shot Misses the Net.
16:57 of 3rd period - Shot by Evgeni Malkin.
16:57 of 3rd period - Shot Misses the Net.
17:01 of 3rd period - Shot by Jonathan Huberdeau.
17:01 of 3rd period - Stopped by Jaroslav Halak without a rebound.
17:02 of 3rd period - Travis Zajac wins face-off versus Paul Stastny in Lightning zone.
17:02 of 3rd period - Travis Zajac is hit by Shawn Thornton.
17:12 of 3rd period - Shot by Travis Zajac.
17:12 of 3rd period - Stopped by Jonathan Quick without a rebound.
17:13 of 3rd period - Paul Stastny wins face-off versus Travis Zajac in Stars zone.
17:37 of 3rd period - Shot by Johnny Gaudreau.
17:37 of 3rd period - Shot Blocked by John Klingberg.
18:35 of 3rd period - Eric Fehr is hit by Sidney Crosby and loses puck.
18:44 of 3rd period - Shot by Teddy Purcell.
18:44 of 3rd period - Stopped by Jonathan Quick without a rebound.
18:45 of 3rd period - John Mitchell wins face-off versus Henrik Sedin in Stars zone.
18:45 of 3rd period - John Mitchell is hit by Troy Brouwer.
18:57 of 3rd period - Shot by Tomas Fleischmann.
18:57 of 3rd period - Shot Misses the Net.
18:59 of 3rd period - Shot by Troy Brouwer.
18:59 of 3rd period - Stopped by Jonathan Quick with a rebound.
19:09 of 3rd period - Shot by Tomas Fleischmann.
19:09 of 3rd period - Stopped by Jonathan Quick without a rebound.
19:10 of 3rd period - Paul Stastny wins face-off versus Eric Fehr in Stars zone.
19:22 of 3rd period - Shot by Paul Stastny.
19:22 of 3rd period - Deflect By Nikita Kucherov.
19:22 of 3rd period - Shot Misses the Net.
Goals for this period are 0 for Stars vs 1 for Lightning.
Shots for this period are 6 for Stars vs 11 for Lightning.